 Dungeon Crawl Stone Soup version 0.27-a0-1147-gb3d8e82157 (webtiles) character file.

Game seed: 10969418758914702077

52 Kublaii the Chucker (level 3, -11/35 HPs)
             Began as a Troll Hunter on May 11, 2021.
             Mangled by Crazy Yiuf
             ... wielding a +4 quarterstaff of chaos
              (16 damage)
             ... on level 2 of the Dungeon.
             The game lasted 00:10:54 (1694 turns).

Kublaii the Chucker (Troll Hunter)                  Turns: 1694, Time: 00:10:55

Health: -11/35     AC:  4    Str: 20    XL:     3   Next: 60%
Magic:  2/2        EV: 10    Int:  8    God:
Gold:   86         SH:  0    Dex: 10    Spells: 2/2 levels left

rFire    . . .     SeeInvis .     - Unarmed
rCold    . . .     Faith    .   (no shield)
rNeg     . . .     Spirit   .   b - +0 robe
rPois    .         Reflect  .   (helmet restricted)
rElec    .         Harm     .   (no cloak)
rCorr    .         Rampage  .   (gloves unavailable)
Will     .....                  (boots unavailable)
Stlth    +.........             (no amulet)
HPRegen  1.11/turn              (no ring)
MPRegen  0.08/turn              (no ring)

@: mighty
A: large, unfitting armour, claws 3, regeneration 1, shaggy fur 1, tough skin 1
a: no special abilities


You were on level 2 of the Dungeon.
You visited 1 branch of the dungeon, and saw 2 of its levels.

You collected 86 gold pieces.

Inventory:

Missiles
 c - 5 large rocks
 d - 2 throwing nets
 f - 43 stones (quivered)
 i - 17 poisoned darts
 l - 18 sling bullets
Armour
 b - a +0 robe (worn)
Scrolls
 a - 3 scrolls of identify {unknown}
 g - a scroll of teleportation {unknown}
 h - a scroll of amnesia {unknown}
Potions
 e - a potion of flight {unknown}
 j - a potion of lignification {unknown}


   Skills:
 + Level 2.0 Fighting
 + Level 3.9 Throwing
 + Level 2.0 Dodging
 - Level 0.3 Stealth
 * Level 1.9 Unarmed Combat


You had 2 spell levels left.
You didn't know any spells.
Your spell library was empty.

Dungeon Overview and Level Annotations

Branches:
Dungeon (2/15)

Altars:

Shops:
D:2 [

Annotations:
D:2 Crazy Yiuf


Innate Abilities, Weirdness & Mutations

You are too large for most types of armour.
You have claws for hands.
Your natural rate of healing is unusually fast.
You are covered in fur. (AC +1)
You have tough skin. (AC +1)


Message History

You scratch the bush.
The bush is severely damaged.
You claw the bush!
The bush is almost destroyed.
You completely miss the bush.
The bush is almost destroyed.
You scratch the bush but do no damage.
The bush is almost destroyed.
You scratch the bush.
The bush is almost destroyed.
You scratch the bush but do no damage.
The bush is almost destroyed.
You scratch the bush but do no damage.
The bush is almost destroyed.
You scratch the bush.
The bush is almost destroyed.
You completely miss the bush.
The bush is almost destroyed.
You scratch the bush.
The bush is almost destroyed.
You scratch the bush but do no damage.
The bush is almost destroyed.
You scratch the bush. You claw the bush.
You destroy the bush!
Found a mace.
Found a runed translucent door.
You open the door. You scratch Crazy Yiuf.
Crazy Yiuf is lightly wounded.
Crazy Yiuf hits you with a +4 quarterstaff of chaos!
You barely miss Crazy Yiuf.
Crazy Yiuf is lightly wounded.
Crazy Yiuf says, "Whippet!"
Crazy Yiuf hits you with a +4 quarterstaff of chaos!
* * * LOW HITPOINT WARNING * * *
Crazy Yiuf burns you.
* * * LOW HITPOINT WARNING * * *
It was a potion of might.
You feel very mighty all of a sudden.
Crazy Yiuf hits you with a +4 quarterstaff of chaos!
You die...

########.#.#..#.# #.#
#.............#.# #.#
#.####.#####..<.# #.# ### ###
###### #.# #.# #####.# ###
######<..... ### #)..###
##P.#.###.... ..#
#...g@####......##.#.# ..#
#...##..#.PP....##.... ..# ###
###.#.#.#...###.# ###
#######...#.... #...#.#.#
########### ### ###..##.#..
#.........# ####.#####.......#.#
#.........# #..................#
#.........###.#########..#.###.#


You could see Crazy Yiuf.

Vanquished Creatures
  An adder (D:2)
  A worm (D:2)
  A dart slug (D:1)
  6 giant cockroaches
  3 goblins
  5 hobgoblins
  6 jackals
  2 quokkas (D:1)
  A ball python (D:1)
  3 bats (D:1)
  A kobold (D:1)
  3 rats
  A bush (D:2)
34 creatures vanquished.

Vanquished Creatures (others)
  A fungus (D:2)
  6 plants (D:1)
7 creatures vanquished.

Grand Total: 41 creatures vanquished

Notes
Turn   | Place    | Note
-------+----------+-------------------------------------------
     0 | D:1      | Kublaii the Troll Hunter began the quest for the Orb.
     0 | D:1      | Reached XP level 1. HP: 19/19 MP: 0/0
   283 | D:1      | Reached XP level 2. HP: 28/28 MP: 1/1
   315 | D:1      | Reached skill level 1 in Unarmed Combat
   726 | D:1      | Found a faded altar of an unknown god.
   869 | D:2      | Reached XP level 3. HP: 35/35 MP: 2/2
   933 | D:2      | Found Evob's Antique Armour Emporium.
  1687 | D:2      | Found a runed translucent door.
  1688 | D:2      | Noticed Crazy Yiuf
  1694 | D:2      | Mangled by Crazy Yiuf

Illustrated notes

Levels and vault maps discovered:
D:1:      roderic_crop_circles_arrival_small, layout_loops_corners,
          shapermc_ecumenical_altar_hornbeckon
D:2:      layout_basic, serial_shops, shop_fountains, serial_park_tiny_1,
          uniq_crazy_yiuf_cottage

Skill      XL: |  1  2  3 |
---------------+----------+-----
Unarmed Combat | 1 |  1.9
Fighting       | 2 |  2.0
Dodging        | 2 |  2.0
Throwing       | |  3.9
Stealth        | |  0.3

Action                   || total
-------------------------++-------
Melee: Short sword       ||    48
       Unarmed           ||   113
       Punch             ||     2
Throw: Stone             ||    13
       Large rock        ||     1
  Use: Potion            ||     1
 Stab: Sleeping          ||     1
Armor: Robe              ||    32
Dodge: Dodged            ||    64

Table legend: (Time is in decaauts)
 A = Elapsed time spent in this place.
 B = Non-inter-level travel time spent in this place.
 C = Inter-level travel time spent in this place.
 D = Time resting spent in this place.
 E = Time spent auto-exploring this place.
 F = Levels seen in this place.
 G = Mean time per level.
                   A        B        C        D        E       F      G
               +--------+--------+--------+--------+--------+-----+--------+
         Total |   1702 |   1697 |      5 |      0 |   1375 |   2 |  851.0 |
       Dungeon |   1702 |   1697 |      5 |      0 |   1375 |   2 |  851.0 |
               +--------+--------+--------+--------+--------+-----+--------+

Top non-repeatable levels by time:
     D:2: 870 daAuts
     D:1: 832 daAuts
